 Dungeon Crawl Stone Soup version 0.29.0-15-g675c0067aa (webtiles) character file.

Game seed: 4460338241135429550

366 qw the Cleaver (level 6, -2/52 HPs)
             Began as a Minotaur Berserker on Sept 12, 2022.
             Was a Believer of Trog.
             Slain by a black bear (3 damage)
             ... on level 4 of the Dungeon.
             The game lasted 00:01:18 (4084 turns).

qw the Cleaver (Minotaur Berserker)                 Turns: 4084, Time: 00:01:19

Health: -2/52      AC:  9    Str: 23    XL:     6   Next: 40%
Magic:  5/5        EV: 13    Int:  4    God:    Trog [**....]
Gold:   465        SH:  0    Dex: 16    Spells: 5/5 levels left

rFire   . . .      SeeInvis .   Y - +0 war axe
rCold   . . .      Faith    .   (no shield)
rNeg    . . .      Spirit   .   i - +0 chain mail
rPois   .          Reflect  .   (helmet restricted)
rElec   .          Harm     .   g - +0 cloak
rCorr   .          Rampage  .   (no gloves)
Will    .....                   (no boots)
Stlth   ..........              (no amulet)
HPRegen 0.17/turn               k - +6 ring of dexterity
MPRegen 0.09/turn               a - +4 ring of evasion

@: on berserk cooldown, slowed, very slow
A: horns 2, retaliatory headbutt
a: Renounce Religion, Berserk, Trog's Hand


You were on level 4 of the Dungeon.
You worshipped Trog.
Trog was pleased with you.
You visited 1 branch of the dungeon, and saw 4 of its levels.
You also visited: Ossuary.

You collected 465 gold pieces.


Innate Abilities, Weirdness & Mutations

You have a pair of horns on your head.
You reflexively headbutt those who attack you in melee.


   Skills:
 - Level 4.0 Fighting
 + Level 8.6 Axes
 - Level 2.4 Armour
 - Level 2.1 Dodging


You had 5 spell levels left.
You didn't know any spells.
Your spell library was empty.

Inventory:

Hand Weapons
 f - a +0 morningstar
 Y - a +0 war axe (weapon)
Armour
 g - a +0 cloak (worn)
 i - a +0 chain mail (worn)
Jewellery
 a - a +4 ring of evasion (right hand)
 k - a +6 ring of dexterity (left hand)
Scrolls
 c - a scroll of identify
Potions
 b - a potion of mutation
 l - a potion of curing {unknown}
 m - 2 potions of cancellation {unknown}
 p - a potion of brilliance {unknown}

Dungeon Overview and Level Annotations

Branches:
Dungeon (4/15)            Ossuary (visited)
 Temple: D:4-7

Altars:
Cheibriados
Zin


Message History

The black bear misses you. x2
The black bear claws you but does no damage.
The scorpion stings you but does no damage.
The black bear misses you. The black bear barely misses you.
The black bear claws you but does no damage.
You slash the scorpion!
You kill the scorpion!
Trog accepts your kill.
You barely miss the black bear. The black bear bites you.
The black bear claws you.
The black bear claws you but does no damage.
You slash the black bear!
You headbutt the black bear, but do no damage.
Your punch misses the black bear.
The black bear is severely wounded.
The black bear bites you but does no damage.
The black bear claws you but does no damage.
The black bear barely misses you. x2
The black bear claws you but does no damage. x2
You closely miss the black bear.
The black bear is severely wounded.
The black bear bites you but does no damage.
The black bear claws you but does no damage. x2
You hit the black bear.
The black bear is almost dead.
The black bear goes berserk!
The black bear bites you.
The black bear claws you but does no damage.
The black bear closely misses you.
You hit the black bear.
The black bear is almost dead.
You miss the phantom. The black bear bites you. The black bear claws you.
The black bear misses you. The phantom completely misses you.
You furiously retaliate!
You headbutt the phantom! The black bear closely misses you. x2
The black bear claws you but does no damage.
You hit the black bear.
The black bear is almost dead.
You hit the phantom but do no damage. The black bear barely misses you.
The black bear claws you.
You die...

..#
#..#########
.##..........#
.............#
#.>.....?....#
#..........#
#..........#
#...%@.....#
......hW.....#
.#...........#
##..........#
#..........#
#..##..#####
... #.## ##..
..#


You could see a black bear (berserk) and a phantom.

Vanquished Creatures
  A bullfrog (D:3)
  A scorpion (D:4)
  An orc wizard (D:4)
  8 mummies (Ossuary)
  2 adders (D:3)
  A gnoll (D:1)
  A worm (D:2)
  6 dart slugs
  7 orcs
  8 endoplasms
  2 giant cockroaches (D:3)
  2 gnoll zombies (Ossuary)
  9 goblins
  4 hobgoblins
  2 jackals (D:4)
  A quokka (D:3)
  5 ball pythons
  A bat (D:2)
  2 frilled lizards
  4 hobgoblin zombies (Ossuary)
  6 kobolds
  2 kobold zombies (Ossuary)
  5 rats
81 creatures vanquished.

Notes
Turn   | Place    | Note
-------+----------+-------------------------------------------
     0 | D:1      | qw the Minotaur Berserker began the quest for the Orb.
     0 | D:1      | Reached XP level 1. HP: 19/19 MP: 0/0
     0 | D:1      | 0 ||| qw: Version: 0.1-a-119-g272c26d
     0 | D:1      | 0 ||| qw: Game counter: 10785
     0 | D:1      | 0 ||| qw: Always use a shield: true
     0 | D:1      | 0 ||| qw: Do Orc after D:15 true
     0 | D:1      | 0 ||| qw: Do second Lair branch before Depths: true
     0 | D:1      | 0 ||| qw: Lair rune preference: random
     0 | D:1      | 0 ||| qw: Plans: Normal
     0 | D:1      | 0 ||| PLANNING D:1-11
    57 | D:1      | 57 ||| Stepping ~*~*~tactically~*~*~ (stealth).
    58 | D:1      | 58 ||| Stepping ~*~*~tactically~*~*~ (stealth).
    60 | D:1      | 60 ||| Stepping ~*~*~tactically~*~*~ (stealth).
   135 | D:1      | Found a faded altar of an unknown god.
   150 | D:1      | 150 ||| INVOKING Berserk.
   154 | D:1      | Reached skill level 4 in Axes
   154 | D:1      | Reached XP level 2. HP: 26/26 MP: 1/1
   378 | D:1      | 378 ||| Stepping ~*~*~tactically~*~*~ (stealth).
   380 | D:1      | 380 ||| Stepping ~*~*~tactically~*~*~ (hiding).
   655 | D:1      | 655 ||| Stepping ~*~*~tactically~*~*~ (hiding).
   660 | D:1      | Reached skill level 5 in Axes
   794 | D:1      | Reached XP level 3. HP: 25/31 MP: 2/2
   907 | D:1      | 907 ||| Stepping ~*~*~tactically~*~*~ (stealth).
  1377 | D:1      | 1377 ||| UPGRADING to +0 leather armour.
  1387 | D:1      | 1387 ||| DROPPING +0 animal skin.
  1388 | D:1      | 1388 ||| UPGRADING to +0 ring mail.
  1398 | D:1      | 1398 ||| DROPPING +0 leather armour.
  1399 | D:1      | 1399 ||| UPGRADING to +6 ring of intelligence.
  1400 | D:1      | 1400 ||| READING 3 scrolls labelled AKHOHE KOOCKO.
  1401 | D:1      | 1401 ||| READING scroll labelled WAOZAMAOPP.
  1402 | D:1      | 1402 ||| READING scroll labelled NISTRO IGOPH.
  1406 | D:1      | 1406 ||| DROPPING 2 scrolls of noise.
  1489 | D:2      | 1489 ||| DROPPING +0 club.
  1573 | D:2      | 1573 ||| FLEEEEING.
  1574 | D:2      | 1574 ||| FLEEEEING.
  1575 | D:2      | 1575 ||| FLEEEEING.
  1881 | D:2      | 1881 ||| INVOKING Berserk.
  2246 | D:2      | 2246 ||| UPGRADING to +0 scale mail.
  2256 | D:2      | 2256 ||| DROPPING orb of guile.
  2257 | D:2      | 2257 ||| DROPPING +0 ring mail.
  2258 | D:2      | 2258 ||| UPGRADING to +4 ring of evasion.
  2259 | D:2      | 2259 ||| READING 2 scrolls labelled YNNEUL WOCAADI.
  2260 | D:2      | 2260 ||| READING scroll labelled OGUOTROURAL.
  2399 | D:2      | 2399 ||| READING scroll labelled QEFURU VOAREV.
  2400 | D:2      | 2400 ||| Stepping randomly (stuck).
  2401 | D:2      | 2401 ||| Stepping ~*~*~tactically~*~*~ (cloud).
  2407 | D:2      | HP: 7/31 [poisoned by you (poison gas)]
  2746 | D:3      | 2746 ||| Stepping ~*~*~tactically~*~*~ (stealth).
  2884 | D:3      | Reached XP level 4. HP: 33/39 MP: 3/3
  2887 | D:3      | Reached skill level 6 in Axes
  2922 | D:3      | 2922 ||| FLEEEEING.
  2923 | D:3      | 2923 ||| FLEEEEING.
  2924 | D:3      | 2924 ||| FLEEEEING.
  2972 | D:3      | Found a snail-covered altar of Cheibriados.
  2973 | D:3      | 2973 ||| SWAPPING to +0 war axe.
  2974 | D:3      | 2974 ||| DROPPING +0 hand axe.
  3061 | D:3      | 3061 ||| Stepping ~*~*~tactically~*~*~ (hiding).
  3203 | D:3      | Reached ** piety under Trog
  3369 | D:3      | Found a glowing silver altar of Zin.
  3386 | D:3      | Noticed a bullfrog
  3391 | D:3      | Killed a bullfrog
  3392 | D:3      | Reached skill level 7 in Axes
  3392 | D:3      | Reached XP level 5. HP: 45/45 MP: 4/4
  3476 | D:3      | 3476 ||| UPGRADING to +0 cloak.
  3481 | D:3      | 3481 ||| UPGRADING to +0 chain mail.
  3491 | D:3      | 3491 ||| DROPPING +0 scale mail.
  3492 | D:3      | 3492 ||| UPGRADING to +6 ring of dexterity.
  3494 | D:3      | 3494 ||| DROPPING +6 ring of intelligence.
  3495 | D:3      | 3495 ||| DRINKING 2 emerald potions.
  3514 | D:3      | 3514 ||| READING 3 scrolls of identify.
  3514 | D:3      | 3514 ||| IDENTIFYING viscous brown potion
  3515 | D:3      | 3515 ||| DROPPING potion of lignification.
  3531 | D:4      | Found a sand-covered staircase.
  3532 | D:4      | 3532 ||| PLANNING OSSUARY
  3532 | D:4      | 3532 ||| STAIRDANCE
  3540 | Ossuary  | Entered an ossuary
  3744 | Ossuary  | Reached skill level 8 in Axes
  3744 | Ossuary  | Reached XP level 6. HP: 47/52 MP: 5/5
  3825 | Ossuary  | 3825 ||| READING 2 scrolls labelled HUCAIP VUTAAK.
  3826 | Ossuary  | 3826 ||| DRINKING 2 murky green potions.
  3927 | Ossuary  | 3927 ||| DRINKING 2 bubbling cyan potions.
  3928 | Ossuary  | 3928 ||| READING 2 scrolls of identify.
  3928 | Ossuary  | 3928 ||| IDENTIFYING lumpy dark potion
  3929 | Ossuary  | 3929 ||| DROPPING potion of ambrosia.
  3930 | Ossuary  | 3930 ||| DROPPING scroll of fear.
  3931 | Ossuary  | 3931 ||| DROPPING potion of attraction.
  3951 | D:4      | 3951 ||| PLANNING D:1-11
  3963 | D:4      | 3963 ||| FLEEEEING.
  3964 | D:4      | 3964 ||| STAIRDANCE
  4010 | D:4      | 4010 ||| DROPPING +0 whip.
  4054 | D:4      | 4054 ||| INVOKING Berserk.
  4073 | D:4      | HP: 7/52 [something/magic dart (7)]
  4073 | D:4      | HP: 1/52 [something/magic dart (6)]
  4074 | D:4      | 4074 ||| READING scroll of teleportation.
  4075 | D:4      | 4075 ||| DRINKING potion of heal wounds.
  4079 | D:4      | HP: 10/52 [black bear (3)]
  4083 | D:4      | HP: 3/52 [black bear (3)]
  4083 | D:4      | HP: 1/52 [black bear (2)]
  4084 | D:4      | Slain by a black bear

Levels and vault maps discovered:
D:1:      onia_arrival_pentagram, layout_loops_ring,
          nicolae_ecumenical_lake_church, minmay_door_square,
          hangedman_decor_push, st_stairs_2, chequers_avenue
D:2:      layout_loops_ring
D:3:      layout_loops_cross, overflow_temple_1_default, zin_treasury,
          nicolae_concentric_dashed_squares_wild, fountainhead, kennysheep_donut
D:4:      layout_rooms, minmay_temple_entry_offerings,
          lightli_ossuary_entry_decrepit_ruins, roderic_serpentine_path,
          uniq_robin, uniq_grinder

Skill      XL: |  1  2  3  4  5 |
---------------+----------------+-----
Axes           | 4 5 7 8 |  8.6
Fighting       | 4 |  4.0
Armour         | |  2.4
Dodging        | |  2.1

Action                   |  1- 3 |  4- 6 || total
-------------------------+-------+-------++-------
Melee: Hand axe          |    82 |     4 ||    86
       Headbutt          |    20 |    12 ||    32
       War axe           |       |    75 ||    75
Invok: Berserk           |     2 |     1 ||     3
  Use: Scroll            |     6 |     4 ||    10
       Potion            |       |     4 ||     4
Armor: Animal skin       |     4 |       ||     4
       Scale mail        |     4 |     3 ||     7
       Ring mail         |     1 |       ||     1
       Chain mail        |       |    37 ||    37
Dodge: Dodged            |    30 |    58 ||    88

Table legend:
 A = Non-vault XP
 B = Vault XP
 C = Vault XP percentage of total XP
 D = Non-vault monster count
 E = Vault monster count
 F = Vault count percentage of total count
                 A         B        C        D         E       F
            +---------+---------+-------+---------+---------+-------
      Total |     363 |     161 |  30.7 |      63 |      18 |  22.2
            +---------+---------+-------+---------+---------+-------
        D:1 |      55 |       6 |   9.8 |      23 |       2 |   8.0
        D:2 |      21 |       0 |   0.0 |      10 |       0 |   0.0
        D:3 |     154 |       0 |   0.0 |      21 |       0 |   0.0
        D:4 |     133 |       0 |   0.0 |       9 |       0 |   0.0
    Ossuary |       0 |     155 | 100.0 |       0 |      16 | 100.0
            +---------+---------+-------+---------+---------+-------
